General information
			
			
        
        - name: is
 
        - type: Custom game
 
        - host: oneversusfour
 
        - saver: oneversusfour
 
        
map: EchoIsles 
        - players: 3
 
        - length: 18:34
 
        - speed: Fast
 - version: 1.22 W3XP
 - replay type:  Public
 
» download(64 KB)
Players
        team 1 (winner) 
              
              
» 
oneversusfour (
pink | 92 APM | 1712 actions | 18:34)
              
 3 Archmage 
 2 Summon Water Elemental
 1 Brilliance Aura
 1 Mountain King 
 1 Storm Bolt
 
                » actions 
                
                | Assign group hotkey | 28 |  | 
| Basic commands | 5 |  | 
| Build / train | 86 |  | 
| ESC pressed | 5 |  | 
| Enter build submenu | 42 |  | 
| Enter hero's abilities submenu | 4 |  | 
| Right click | 1011 |  | 
| Select / deselect | 403 |  | 
| Select group hotkey | 25 |  | 
| Use ability | 103 |  | 
                1712 total
 » units 
                
                | Peasant | 20 |  | 
| Footman | 19 |  | 
| Siege Engine | 6 |  | 
                45 total
 » upgrades
                
                | Masonry | 2 |  | 
| Lumber Harvesting | 1 |  | 
| Plating | 1 |  | 
                4 total
 » buildings
                
                | Altar of Kings | 2 |  | 
| Barracks | 1 |  | 
| Farm | 10 |  | 
| Scout Tower | 18 |  | 
| Arcane Tower | 2 |  | 
| Arcane Vault | 1 |  | 
| Lumber Mill | 1 |  | 
| Town Hall | 1 |  | 
| Guard Tower | 11 |  | 
| Keep | 1 |  | 
| Blacksmith | 1 |  | 
| Workshop | 4 |  | 
| Castle | 2 |  | 
                55 total
 » build order
                00:18 Altar of Kings
00:33 Barracks
00:48 Farm
01:28 Scout Tower
01:31 Farm
01:56 Arcane Tower
01:56 Arcane Tower
02:07 Farm
02:33 Arcane Vault
03:30 Lumber Mill
03:41 Farm
04:08 Farm
05:02 Farm
05:40 Scout Tower
05:41 Scout Tower
05:42 Scout Tower
05:48 Town Hall
05:51 Scout Tower
05:56 Scout Tower
06:22 Guard Tower
06:53 Guard Tower
07:06 Keep
07:51 Scout Tower
07:54 Scout Tower
07:59 Altar of Kings
08:36 Guard Tower
08:38 Scout Tower
08:39 Scout Tower
08:43 Blacksmith
09:16 Guard Tower
10:04 Scout Tower
10:05 Scout Tower
10:11 Workshop
10:34 Guard Tower
11:11 Scout Tower
11:21 Farm
11:22 Castle
11:58 Guard Tower
12:02 Workshop
12:12 Farm
12:54 Workshop
14:03 Workshop
14:29 Farm
14:41 Scout Tower
15:30 Guard Tower
15:32 Scout Tower
15:38 Scout Tower
16:29 Guard Tower
16:31 Guard Tower
16:36 Guard Tower
17:01 Farm
17:03 Scout Tower
17:05 Scout Tower
18:06 Guard Tower
» items
                
                | Boots of Speed | 1 |  | 
| Potion of Lesser Invulnerability | 1 |  | 
| Scroll of Town Portal | 5 |  | 
| Scroll of Regeneration | 2 |  | 
| Potion of Healing | 2 |  | 
| Ivory Tower | 4 |  | 
                15 total
  
               team 2 (loser) 
              
              
» 
Daimyo_Kinjutsu (
red | 66 APM | 1217 actions | 18:33)
              
 4 Death Knight 
 2 Death Coil
 2 Unholy Aura
 3 Lich 
 2 Frost Nova
 1 Dark Ritual
 
                » actions 
                
                | Assign group hotkey | 21 |  | 
| Basic commands | 29 |  | 
| Build / train | 53 |  | 
| ESC pressed | 7 |  | 
| Enter build submenu | 21 |  | 
| Enter hero's abilities submenu | 7 |  | 
| Right click | 584 |  | 
| Select / deselect | 171 |  | 
| Select group hotkey | 258 |  | 
| Use ability | 66 |  | 
                1217 total
 » units 
                
                | Acolyte | 8 |  | 
| Ghoul | 8 |  | 
| Crypt Fiend | 8 |  | 
                24 total
 » upgrades
                » buildings
                
                | Crypt | 1 |  | 
| Ziggurat | 6 |  | 
| Graveyard | 1 |  | 
| Altar of Darkness | 1 |  | 
| Tomb of Relics | 2 |  | 
| Halls of the Dead | 2 |  | 
| Black Citadel | 4 |  | 
| Spirit Tower | 2 |  | 
| Necropolis | 1 |  | 
                20 total
 » build order
                00:05 Crypt
00:07 Ziggurat
00:38 Graveyard
00:56 Altar of Darkness
01:24 Tomb of Relics
01:39 Ziggurat
02:27 Ziggurat
03:53 Halls of the Dead
03:54 Halls of the Dead
07:31 Black Citadel
07:31 Black Citadel
07:53 Spirit Tower
07:53 Spirit Tower
10:36 Tomb of Relics
10:37 Black Citadel
10:37 Black Citadel
11:29 Ziggurat
11:31 Ziggurat
11:42 Ziggurat
13:28 Necropolis
» items
                
                | Rod of Necromancy | 6 |  | 
| Boots of Speed | 1 |  | 
| Scroll of Town Portal | 1 |  | 
                8 total
  
               observersGiroux Chat log
          (00:10 / All) Daimyo_Kinjutsu: how old r u
(00:10 / All) Daimyo_Kinjutsu: ?
(00:15 / All) oneversusfour: 20 why
(00:20 / All) Daimyo_Kinjutsu: fuck tbw got worse race
(00:26 / All) Daimyo_Kinjutsu: j/w
(01:13 / All) Daimyo_Kinjutsu: fuckin jewmans
(05:07 / All) oneversusfour: k
(05:07 / All) Daimyo_Kinjutsu: wait fuck
(05:10 / All) Daimyo_Kinjutsu: continue
(11:23 / All) Daimyo_Kinjutsu: ROFL PRE TP
(11:27 / All) oneversusfour: farm on map
(11:29 / All) oneversusfour: ?
(11:44 / All) Daimyo_Kinjutsu: So u tp
(11:44 / All) Daimyo_Kinjutsu: LOL
(11:49 / All) Daimyo_Kinjutsu: as i get there
(11:51 / All) oneversusfour: am was stuck also
(17:30 / All) Daimyo_Kinjutsu: WOW
(18:17 / All) oneversusfour: btw this is my worst too :/
(18:23 / All) Daimyo_Kinjutsu: lol w/e u hit me every time i left my base bullshit
(18:26 / All) Daimyo_Kinjutsu: Seriously bs
(18:30 / All) Daimyo_Kinjutsu: yawn